 Dungeon Crawl Stone Soup version 0.31-a0-867-g9b2fd80f0c (webtiles) character file.

Game seed: 294627488608440782

212882 BinkBink the Intangible (level 18, -10/109 HPs)
             Began as a Spriggan Hunter on Oct 10, 2023.
             Was the Champion of Qazlal.
             Killed from afar by a deep elf sorcerer (35 damage)
             ... with a bolt of acid
             ... on level 3 of the Elven Halls on Oct 11, 2023.
             The game lasted 01:41:11 (44369 turns).

BinkBink the Intangible (Spriggan Hunter)          Turns: 44369, Time: 01:41:11

Health: -10/109    AC:  8    Str:  5    XL:     18   Next: 25%
Magic:  19/19      EV: 54    Int: 12    God:    Qazlal [******]
Gold:   765        SH: 13    Dex: 25    Spells: 17/17 levels left

rFire   x . .        a - +8 shortbow (heavy)
rCold   + . .        (shield currently unavailable)
rNeg    + . .        B - +2 steam dragon scales
rPois   .            O - +2 hat
rElec   .            H - +2 cloak
rCorr   .            (gloves unavailable)
SInv    +            (boots unavailable)
Will    +++..        C - amulet of reflection
Stlth   +            F - +5 ring of evasion
HPRegen 0.38/turn    i - ring "Afyepn" {Ice Fly rN+ Str-2 Stlth+}
MPRegen 0.16/turn

%: repel missiles, reflection
@: corroded, flying, studying 2 skills, very quick
A: very small, no large weapons, unfitting armour, see invisible, speed 3
}: 1/15 runes: gossamer
a: Renounce Religion, Upheaval, Elemental Force, Disaster Area


You were on level 3 of the Elven Halls.
You worshipped Qazlal.
Qazlal was exalted by your worship.
You visited 7 branches of the dungeon, and saw 30 of its levels.
You also visited: Sewer and Volcano.

You collected 3040 gold pieces.
You spent 2275 gold pieces at shops.

Inventory:

Hand Weapons
 a - a +8 heavy shortbow (weapon)
 D - a +1 quick blade of holy wrath
 M - the +4 short sword "Ugalax" {flame, Dex+2}
   (You took it off a deep elf pyromancer on level 13 of the Dungeon)

   Dex+2:     It affects your dexterity (+2).
Armour
 B - +2 steam dragon scales (worn)
 H - a +2 cloak (worn)
 O - a +2 hat (worn)
 U - an orb of light
Jewellery
 i - the ring "Afyepn" (right hand) {Ice Fly rN+ Str-2 Stlth+}
   (You found it on level 1 of the Swamp)

   [ring of ice]

   Ice:       It enhances your ice magic.
   Str-2:     It affects your strength (-2).
   rF-:       It makes you vulnerable to fire.
   rC+:       It protects you from cold.
   rN+:       It protects you from negative energy.
   Fly:       It grants you flight.
   Stlth+:    It makes you more stealthy.
 l - an amulet of regeneration
 o - a ring of resist corrosion
 C - an amulet of reflection (around neck)
 E - a +6 ring of strength
 F - a +5 ring of evasion (left hand)
 L - a ring of protection from fire
 Q - the amulet "Meikon" {Faith rPois rC+ rCorr}
   (You found it on level 2 of the Lair of Beasts)

   [amulet of faith]

   Faith:     It allows you to gain divine favour quickly.
   rC+:       It protects you from cold.
   rPois:     It protects you from poison rCorr: It protects you from acid and
   corrosion.
 T - a ring of poison resistance
 X - the ring "Xenn" {*Slow Fly rF+ Int+3 SInv}
   (You found it on level 5 of the Lair of Beasts)

   [ring of see invisible]

   Int+3:     It affects your intelligence (+3).
   rF+:       It protects you from fire.
   SInv:      It lets you see invisible.
   Fly:       It grants you flight.
   *Slow:     It may slow you when you take damage.
Wands
 k - a wand of flame (89)
 r - a wand of charming (31)
 x - a wand of polymorph (3)
 I - a wand of acid (12)
 J - a wand of mindburst (12)
 P - a wand of digging (4)
 V - a wand of iceblast (11)
Scrolls
 d - 3 scrolls of torment
 e - 8 scrolls of fear
 f - 6 scrolls of immolation
 g - 10 scrolls of amnesia
 n - 9 scrolls of poison
 t - 2 scrolls of revelation
 w - 3 scrolls of identify
 y - a scroll of brand weapon
 z - a scroll of summoning
 A - 4 scrolls of teleportation
 G - 6 scrolls of vulnerability
 R - 3 scrolls of fog
 S - 3 scrolls of blinking
Potions
 b - 3 potions of lignification
 c - 3 potions of invisibility
 h - 7 potions of mutation
 j - 5 potions of ambrosia
 m - 5 potions of haste
 p - 6 potions of attraction
 q - 11 potions of curing
 s - 6 potions of resistance
 u - 4 potions of might
 v - 7 potions of magic
 N - 4 potions of brilliance
 Z - 2 potions of enlightenment


   Skills:
 + Level 18.0 Fighting
 + Level 17.1 Ranged Weapons
 O Level 27 Dodging
 - Level 2.3 Stealth


You had 17 spell levels left.
You didn't know any spells.
Your spell library contained the following spells:

 Spells                   Type           Power      Damage    Failure   Level
 Kiss of Death            Conj/Necr      0%         2d5       32%         1
 Slow                     Hex            0%         N/A       32%         1
 Blink                    Tloc           0%         N/A       45%         2
 Ensorcelled Hibernation  Hex/Ice        0%         N/A       45%         2
 Jinxbite                 Hex            0%         N/A       45%         2
 Poisonous Vapours        Pois/Air       0%         N/A       45%         2
 Call Canine Familiar     Summ           0%         N/A       69%         3
 Confusing Touch          Hex            0%         N/A       69%         3
 Inner Flame              Hex/Fire       0%         N/A       69%         3
 Mephitic Cloud           Conj/Pois/Air  0%         N/A       69%         3
 Ozocubu's Armour         Ice            0%         N/A       69%         3
 Sigil of Binding         Hex            0%         N/A       69%         3
 Teleport Other           Tloc           0%         N/A       69%         3
 Vampiric Draining        Necr           0%         2d6       69%         3
 Anguish                  Hex/Necr       0%         N/A       97%         4
 Dimensional Bullseye     Hex/Tloc       0%         N/A       97%         4
 Dispel Undead            Necr           0%         3d6       97%         4
 Leda's Liquefaction      Hex/Erth       0%         N/A       97%         4
 Vhi's Electric Charge    Tloc/Air       0%         N/A       97%         4
 Arcjolt                  Conj/Air       0%         1d10      100%        5
 Freezing Cloud           Conj/Ice/Air   0%         6-21      100%        5
 Lee's Rapid Deconstruct  Erth           0%         3d4*      100%        5
 Metabolic Englaciation   Hex/Ice        0%         N/A       100%        5
 Summon Forest            Summ/Tloc      0%         N/A       100%        5
 Yara's Violent Unravell  Hex/Tmut       0%         3d3       100%        5
 Bombard                  Conj/Erth      0%         9d1       100%        6
 Eringya's Noxious Bog    Tmut/Pois      0%         4d6       100%        6
 Simulacrum               Ice/Necr       0%         N/A       100%        6
 Enfeeble                 Hex            0%         N/A       100%        7
 Summon Hydra             Summ           0%         N/A       100%        7
 Maxwell's Capacitive Co  Air            0%         ∞         100%        8


Dungeon Overview and Level Annotations

Branches:
Dungeon (14/15)            Temple (1/1) D:4            Lair (5/5) D:11
  Swamp (1/4) Lair:2       Spider (4/4) Lair:2        Slime (0/5) Lair:4
    Orc (2/2) D:9             Elf (3/3) Orc:2        Vaults (0/5) D:13
  Sewer (visited)         Volcano (visited)

Altars:
Ashenzari
Cheibriados
Dithmenos
Elyvilon
Fedhas
Gozag
Hepliaklqana
Kikubaaqudgha
Makhleb
Nemelex Xobeh
Okawaru
Qazlal
Ru
Sif Muna
Trog
Uskayaw
Vehumet
Wu Jian
Xom
Yredelemnul
Zin
The Shining One
Jiyva

Shops:
D:8 ?   D:10 *   D:12 ?   Orc:1 *   Orc:2 [:??   Elf:1 *   Elf:2 ?

Portals:
Pandemonium: Orc:2

Annotations:
D:11 3 runed translucent doors, Opifex's ghost, journeyman TrMo
Elf:1 3 runed translucent doors


Innate Abilities, Weirdness & Mutations

You are very small and have problems with some larger weapons.
You are too small for most types of armour.
You have supernaturally acute eyesight. (SInv)
You cover ground extremely quickly. (Speed+++)


Message History

The deep elf sorcerer points at you and mumbles some strange words.
The sphere of damnation explodes!
The damnation engulfs you!!
You shoot an arrow.
The arrow hits the deep elf annihilator!
The deep elf annihilator is heavily wounded.
You shoot an arrow.
The arrow barely misses the deep elf annihilator.
The arrow barely misses the deep elf master archer.
The deep elf annihilator casts a spell at you.
The poison arrow misses you.
The deep elf annihilator mumbles some strange words.
The deep elf annihilator blinks!
The deep elf annihilator casts a spell at you.
The crystal spear misses you.
You see here a shapeshifter corpse.
The deep elf annihilator casts a spell.
The deep elf annihilator blinks!
You start resting.
A deep elf annihilator is nearby!
You shoot an arrow.
The arrow hits the deep elf annihilator!!
The deep elf annihilator is severely wounded.
The deep elf master archer wields a +0 longbow.
The deep elf master archer shoots an arrow.
The arrow completely misses you.
You shoot an arrow.
The arrow hits the deep elf annihilator!
You kill the deep elf annihilator!
Qazlal accepts your kill.
The deep elf master archer shoots an arrow.
The arrow hits you!!
You shoot an arrow. The arrow misses the deep elf sorcerer.
You shoot an arrow. The arrow misses the deep elf sorcerer.
The deep elf sorcerer points at you and mumbles some strange words.
The bolt of acid hits you!!
* * * LOW HITPOINT WARNING * * *
The acid corrodes you!
The deep elf sorcerer casts a spell at you.
The bolt of acid hits you!!
You die...

#...#..##..^##.##### #.#
#..###.#######.# #.## #.## ##.#
#.# ... #..###.## ##+## #.#
#...#..# ##...## ##.# ####.###
##.....## ##..# ##.## ##.......##
##...###########○..####.........#
e..e)..÷.e.e....@.....'.........'
##.).###########...####.........#
#.......# ##.## ##.......##
#.#.###.# #.# ##.....### #.#.#
#.# #.# ##..)## # #.#.. #.# #.#
##'## # #.##.##.# ####.# ######.#
##.# .##.# #....# #......# .#.#
.# #.#### ##......##


You could see a deep elf master archer and a deep elf sorcerer (fast).

Vanquished Creatures
  Nikola (Lair:2)
  Arachne (Spider:2)
  Jorgrun (Swamp:1)
  Rupert (D:12)
  Gastronok (Lair:2)
  Aizul (Swamp:1)
  Donald (Spider:3)
  7 emperor scorpions
  A deep elf sorcerer (Orc:2)
  3 ghost moths (Spider:4)
  3 broodmothers
  An eleionoma (Lair:2)
  Nessos (D:13)
  2 deep elf demonologists (Elf:1)
  A bunyip (Swamp:1)
  2 spark wasps
  4 deep elf annihilators
  A deep elf death mage (Elf:3)
  A fire dragon (Volcano)
  3 deep elf high priests
  Harold (D:11)
  8 entropy weavers
  7 hydras
  6 radroaches
  A jorogumo (Spider:2)
  3 centaur warriors
  An ogre mage (Orc:1)
  6 boulder beetles
  23 dancing weapons
  3 demonspawn (Orc:2)
  7 two-headed ogres
  8 demonic crawlers
  6 orc high priests (Orc:2)
  Sonja (D:11)
  Nergalle (Lair:1)
  20 deep elf knights
  6 pharaoh ants
  3 sun moths
  A goliath frog (Swamp:1)
  3 orb spiders (Spider:4)
  2 bog bodies (Lair:2)
  11 deep elf archers
  2 lindwurms
  Pikel (D:5)
  4 orc knights (Orc:2)
  A wizard (D:14)
  24 deep elf zephyrmancers
  27 deep elf pyromancers
  5 steelbarb worms
  A necromancer (D:13)
  4 cyclopes
  5 orc sorcerers (Orc:2)
  5 ugly things (D:14)
  15 wolf spiders
  2 manticores
  Maurice (D:8)
  4 moths of wrath
  A rust devil (Orc:2)
  4 black mambas
  4 elephants (Lair:3)
  Joseph (D:7)
  A torpor snail (Spider:1)
  17 cane toads
  A gargoyle (D:14)
  A smoke demon (Orc:2)
  Maggie (D:9)
  Psyche (D:9)
  A rime drake (Lair:2)
  6 komodo dragons
  A yaktaur (shapeshifter) (D:14)
  An unseen horror (shapeshifter) (Elf:3)
  A rime drake (shapeshifter) (Elf:2)
  A tengu conjurer (D:14)
  A freezing wraith (D:13)
  A komodo dragon (shapeshifter) (D:14)
  5 polar bears (Lair:5)
  A hellwing (Orc:2)
  5 trolls
  The ghost of gyole the Changeling, an amateur NaSh (D:4)
  23 blink frogs
  A bloated husk (Swamp:1)
  5 hornets
  44 tarantellas
  4 meliai
  A dream sheep (Lair:5)
  24 culicivoras
  3 slime creatures (D:12)
  22 jumping spiders
  15 spriggans
  2 wraiths
  45 yaks
  2 air elementals
  5 wyverns
  A basilisk (Lair:3)
  3 fire bats (Volcano)
  2 water elementals
  5 vampire mosquitoes
  3 steam dragons
  Grum (D:8)
  A fire elemental (Elf:3)
  Menkaure (D:7)
  56 redbacks
  3 wargs (Orc:1)
  An acid dragon (D:12)
  A swamp worm (Swamp:1)
  28 water moccasins
  2 hell hounds (Volcano)
  A swamp drake (Swamp:1)
  33 orc warriors
  Pargi (D:4)
  3 ice beasts
  3 sky beasts
  8 black bears
  27 wolves
  4 boggarts (Lair:5)
  4 centaurs
  7 ogres (Orc:1)
  3 phantoms
  11 bullfrogs
  5 kobold brigands
  3 lemures (D:5)
  4 scorpions
  9 wights
  7 killer bees
  An electric eel (D:12)
  2 howler monkeys
  8 jellies
  24 orc priests
  Crazy Yiuf (D:7)
  3 gnoll boudas
  2 sleepcaps
  6 hounds
  2 iguanas
  14 orc wizards
  Robin (D:3)
  12 gnolls
  6 adders
  2 shadow imps (D:7)
  3 white imps (D:6)
  An ufetubus (D:6)
  3 worms
  62 orcs
  5 endoplasms
  6 giant cockroaches
  17 goblins
  10 hobgoblins
  2 quokkas
  12 ball pythons
  8 bats
  5 frilled lizards
  21 kobolds
  8 rats
  A butterfly (Lair:5)
1008 creatures vanquished.

Vanquished Creatures (collateral kills)
  A radroach (Spider:4)
  A sun moth (Spider:4)
  A wolf spider (Spider:4)
  3 redbacks (Spider:4)
6 creatures vanquished.

Vanquished Creatures (others)
  A bloated husk (Swamp:1)
1 creature vanquished.

Grand Total: 1015 creatures vanquished

Notes
Turn   | Place    | Note
-------+----------+-------------------------------------------
     0 | D:1      | BinkBink the Spriggan Hunter began the quest for the Orb.
     0 | D:1      | Reached XP level 1. HP: 10/10 MP: 2/2
   185 | D:1      | Reached XP level 2. HP: 14/14 MP: 3/3
   742 | D:2      | Reached skill level 5 in Ranged Weapons
   767 | D:2      | Reached XP level 3. HP: 18/18 MP: 4/4
  1347 | D:3      | Reached XP level 4. HP: 22/22 MP: 5/5
  1651 | D:3      | Noticed a scorpion
  1704 | D:3      | Killed a scorpion
  1891 | D:3      | Reached XP level 5. HP: 25/25 MP: 6/6
  2055 | D:3      | Noticed Robin
  2167 | D:3      | Killed Robin
  2319 | D:4      | Found a staircase to the Ecumenical Temple.
  2338 | Temple   | Entered the Ecumenical Temple
  2458 | D:4      | Found a runed translucent door.
  2475 | D:4      | Found a glowing drain.
  2497 | D:4      | Reached XP level 6. HP: 30/30 MP: 7/7
  2501 | Sewer    | Entered a sewer
  2949 | D:4      | Reached XP level 7. HP: 33/33 MP: 8/8
  2964 | D:4      | Noticed Pargi
  3064 | D:4      | Noticed gyole's ghost (amateur NaSh)
  3185 | D:4      | Found a bloodstained altar of Trog.
  3642 | D:4      | Found a stormy altar of Qazlal.
  3652 | D:4      | Became a worshipper of Qazlal Stormbringer
  3703 | D:5      | Entered Level 5 of the Dungeon
  3959 | D:4      | Killed Pargi
  3960 | D:4      | Reached skill level 10 in Ranged Weapons
  3960 | D:4      | Reached XP level 8. HP: 37/37 MP: 9/9
  4561 | D:5      | Noticed Pikel
  5151 | D:5      | Found a shimmering blue altar of Sif Muna.
  5658 | D:5      | Killed Pikel
  5659 | D:5      | Reached XP level 9. HP: 41/41 MP: 10/10
  5962 | D:6      | Found a hazy altar of Hepliaklqana.
  5997 | D:6      | Found a glowing golden altar of the Shining One.
  6496 | D:6      | Reached * piety under Qazlal
  6543 | D:6      | Found an iron altar of Okawaru.
  7066 | D:7      | Reached skill level 3 in Dodging
  7076 | D:7      | Noticed Joseph
  7149 | D:7      | Reached skill level 4 in Dodging
  7479 | D:7      | Reached skill level 5 in Dodging
  7570 | D:7      | Reached skill level 6 in Dodging
  7721 | D:7      | Killed Joseph
  7722 | D:7      | Reached skill level 7 in Dodging
  7722 | D:7      | Reached XP level 10. HP: 42/46 MP: 11/11
  7879 | D:7      | Noticed Menkaure
  7885 | D:7      | Killed Menkaure
  7891 | D:7      | Reached skill level 8 in Dodging
  7933 | D:7      | Found a runed translucent door.
  7934 | D:7      | Noticed Crazy Yiuf
  8069 | D:8      | Noticed Grum
  8114 | D:8      | Noticed a two-headed ogre
  8159 | D:8      | Killed a two-headed ogre
  8160 | D:8      | Reached skill level 9 in Dodging
  8167 | D:8      | Reached skill level 10 in Dodging
  8283 | D:8      | Reached ** piety under Qazlal
  8319 | D:8      | Found Zamau's Magic Scroll Emporium.
  8328 | D:8      | Bought a scroll of enchant weapon for 82 gold pieces
  8328 | D:8      | Bought a scroll of brand weapon for 104 gold pieces
  8335 | D:8      | Found a basalt altar of Yredelemnul.
  8339 | D:8      | Found a hide-covered altar of Uskayaw.
  8376 | D:8      | Killed Grum
  8494 | D:8      | Noticed Maurice
  8530 | D:8      | Reached skill level 11 in Dodging
  8662 | D:8      | Killed Maurice
  9007 | D:8      | Found a shadowy altar of Dithmenos.
  9067 | D:8      | Reached skill level 12 in Dodging
  9215 | D:9      | Found a staircase to the Orcish Mines.
  9253 | D:9      | Noticed Maggie
  9283 | D:9      | Killed Maggie
  9402 | D:9      | Reached skill level 13 in Dodging
  9690 | D:9      | Reached XP level 11. HP: 49/49 MP: 12/12
  9825 | D:9      | Noticed Psyche
  9852 | D:9      | Killed Psyche
  9853 | D:9      | Reached skill level 14 in Dodging
 10277 | D:9      | Found a sacrificial altar of Ru.
 10354 | D:10     | Entered Level 10 of the Dungeon
 10402 | D:10     | Reached skill level 15 in Dodging
 10496 | D:10     | Reached *** piety under Qazlal
 10870 | D:10     | Found a shimmering altar of Xom.
 10883 | D:10     | Found Xagajis's General Store.
 10891 | D:10     | Bought a potion of heal wounds for 60 gold pieces
 10891 | D:10     | Bought a scroll of identify for 24 gold pieces
 10927 | D:10     | Reached skill level 16 in Dodging
 11052 | D:10     | Found a broken altar of Ashenzari.
 11380 | D:11     | Noticed Harold
 11409 | D:11     | Killed Harold
 11410 | D:11     | Reached skill level 17 in Dodging
 11475 | D:11     | Found a staircase to the Lair.
 11657 | D:11     | Identified the +1 rapier of the Well-Known Suns {freeze,
                  | rElec}
 11687 | D:11     | Noticed Sonja
 11705 | D:11     | Killed Sonja
 11774 | D:11     | Found a runed translucent gate.
 11774 | D:11     | Found a runed translucent gate.
 11774 | D:11     | Found a runed translucent gate.
 11775 | D:11     | Noticed Opifex's ghost (journeyman TrMo)
 11850 | D:11     | Reached **** piety under Qazlal
 12299 | D:12     | Reached skill level 18 in Dodging
 12363 | D:12     | Reached XP level 12. HP: 53/53 MP: 13/13
 12708 | D:12     | Noticed Rupert
 12726 | D:12     | Paralysed by Rupert for 5 turns
 12870 | D:12     | Killed Rupert
 12920 | D:12     | Reached skill level 19 in Dodging
 12932 | D:12     | Noticed a centaur warrior
 12939 | D:12     | Killed a centaur warrior
 12976 | D:12     | Found Kosemafizi's Magic Scroll Shoppe.
 12984 | D:12     | Bought a scroll of enchant weapon for 97 gold pieces
 13529 | D:13     | Noticed Nessos
 13587 | D:13     | HP: 2/53 [Nessos (4)]
 13591 | D:13     | Killed Nessos
 13838 | D:13     | Reached skill level 20 in Dodging
 14113 | D:13     | Identified the +4 short sword "Ugalax" {flame, Dex+2}
 14162 | D:13     | Noticed a two-headed ogre
 14179 | D:13     | Killed a two-headed ogre
 14292 | D:13     | Noticed a centaur warrior
 14298 | D:13     | Killed a centaur warrior
 14299 | D:13     | Reached skill level 21 in Dodging
 14420 | D:13     | Found a gate to the Vaults.
 14841 | Orc:1    | Entered Level 1 of the Orcish Mines
 14873 | Orc:1    | Found Zen Peff's General Store.
 14971 | Orc:1    | Noticed a two-headed ogre
 14974 | Orc:1    | Noticed a two-headed ogre
 14976 | Orc:1    | Killed a two-headed ogre
 14982 | Orc:1    | Noticed an ogre mage
 14983 | Orc:1    | Noticed a two-headed ogre
 15015 | Orc:1    | Killed a two-headed ogre
 15040 | D:9      | Killed a two-headed ogre
 15061 | Orc:1    | Noticed a two-headed ogre
 15079 | D:9      | Killed a two-headed ogre
 15096 | Orc:1    | Paralysed by an ogre mage for 2 turns
 15101 | Orc:1    | Killed an ogre mage
 15130 | Orc:1    | Reached skill level 22 in Dodging
 15182 | Orc:1    | Reached ***** piety under Qazlal
 15216 | Orc:1    | Reached XP level 13. HP: 57/57 MP: 14/14
 15418 | Orc:2    | Entered Level 2 of the Orcish Mines
 15639 | Orc:2    | Found a dark tunnel.
 15694 | Volcano  | Entered a volcano
 15715 | Volcano  | Noticed a fire dragon
 15767 | Volcano  | Killed a fire dragon
 16138 | Orc:2    | Found a staircase to the Elven Halls.
 16389 | Orc:1    | Reached skill level 23 in Dodging
 17058 | Orc:2    | Found Oteuwnop's Magic Scroll Shoppe.
 17088 | Orc:2    | Found Cytollug's Magic Scroll Emporium.
 18246 | Orc:2    | Reached skill level 24 in Dodging
 19131 | Orc:2    | Found Renoemosiy's Antique Armour Shop.
 19131 | Orc:2    | Found Bymeucig's Book Boutique.
 19132 | Orc:2    | Found a one-way gate leading to the halls of Pandemonium.
 19138 | Orc:2    | Reached skill level 25 in Dodging
 19325 | Lair:1   | Entered Level 1 of the Lair of Beasts
 19403 | Lair:1   | Reached ****** piety under Qazlal
 19460 | Lair:1   | Noticed Nergalle
 19500 | Lair:1   | Killed Nergalle
 19525 | Lair:1   | Reached XP level 14. HP: 61/61 MP: 15/15
 20107 | Lair:1   | Found the +8 whip "Snakebite" {venom, curare, rPois}
 20309 | Lair:2   | Found a staircase to the Swamp.
 20651 | Lair:2   | Found a hole to the Spider Nest.
 20660 | Lair:2   | Noticed Gastronok
 20665 | Lair:2   | Reached skill level 26 in Dodging
 20870 | Lair:2   | Killed Gastronok
 20904 | Lair:2   | Identified the amulet "Meikon" {Faith rPois rC+ rCorr}
 21728 | Lair:3   | Identified the +4 rapier "Onuh Urr" {antimagic, rPois
                  | Will+}
 22219 | Lair:4   | Reached skill level 27 in Dodging
 22369 | Lair:4   | Found a staircase to the Slime Pits.
 22369 | Lair:4   | Found a viscous altar of Jiyva.
 22644 | Lair:5   | Entered Level 5 of the Lair of Beasts
 22698 | Lair:5   | Reached skill level 5 in Fighting
 23207 | Lair:5   | Reached XP level 15. HP: 71/74 MP: 16/16
 24746 | Lair:5   | Identified the +0 mace "Usuxt" {heavy, rElec rF+ rC- SInv}
 25016 | Lair:5   | Identified the +1 chain mail of True Grit {Will++ Slay+3}
 25020 | Lair:5   | Identified the ring "Xenn" {*Slow Fly rF+ Int+3 SInv}
 25375 | Spider:1 | Entered Level 1 of the Spider Nest
 25652 | Orc:2    | Bought 2 scrolls of acquirement for 1872 gold pieces
 25652 | Orc:2    | Acquired a manual of Hexes
 25654 | Orc:2    | Acquired a manual of Ranged Weapons
 25656 | Orc:2    | Bought a scroll of identify for 36 gold pieces
 25845 | Swamp:1  | Entered Level 1 of the Swamp
 25887 | Swamp:1  | Noticed Nikola
 26010 | Lair:2   | Killed Nikola
 26236 | Elf:1    | Entered Level 1 of the Elven Halls
 26266 | Elf:1    | Noticed a deep elf sorcerer
 26783 | Spider:1 | Noticed an emperor scorpion
 26888 | Spider:1 | Killed an emperor scorpion
 27366 | Spider:1 | Upgraded the game from 0.31-a0-859-g9dce7d3444 to
                  | 0.31-a0-867-g9b2fd80f0c
 27855 | Spider:2 | Reached skill level 10 in Fighting
 28212 | Spider:2 | Noticed an emperor scorpion
 28714 | Spider:2 | Noticed Arachne
 28784 | Spider:2 | Killed Arachne
 29164 | Spider:2 | Reached XP level 16. HP: 88/88 MP: 17/17
 30901 | Spider:4 | Entered Level 4 of the Spider Nest
 30902 | Spider:4 | Identified the +5 kite shield of the Teaching Gods
                  | {Rampage}
 30902 | Spider:4 | Noticed Donald
 31268 | Spider:3 | Killed Donald
 32205 | Spider:4 | Reached skill level 15 in Fighting
 33033 | Spider:4 | Reached XP level 17. HP: 99/99 MP: 18/18
 34395 | Spider:4 | Got a gossamer rune of Zot
 36316 | D:4      | Killed gyole's ghost
 36422 | D:7      | Killed Crazy Yiuf
 36448 | D:7      | Identified the +6 hammer of Ufuss {chaos, MP+9}
 36701 | Swamp:1  | Noticed Aizul
 36973 | Swamp:1  | Killed Aizul
 37175 | Swamp:1  | Identified the ring "Afyepn" {Ice Fly rN+ Str-2 Stlth+}
 37203 | Swamp:1  | Noticed Jorgrun
 37264 | Swamp:1  | Killed Jorgrun
 37866 | Elf:1    | Paralysed by an air elemental for 1 turns
 37951 | Elf:1    | Found a radiant altar of Vehumet.
 38311 | Elf:1    | Found Famystum's General Store.
 38716 | Elf:1    | Found a runed translucent gate.
 38717 | Elf:1    | Found a runed translucent gate.
 38717 | Elf:1    | Found a runed translucent gate.
 38718 | Elf:1    | Noticed a tentacled monstrosity
 38719 | Elf:1    | Noticed a tentacled monstrosity
 38742 | Elf:1    | Found a shimmering blue altar of Sif Muna.
 39416 | Elf:2    | Found Jeoqil's Magic Scroll Boutique.
 39991 | Elf:2    | Reached skill level 15 in Ranged Weapons
 40243 | Elf:2    | Found a runed translucent gate.
 40244 | Elf:2    | Found a runed translucent gate.
 40244 | Elf:2    | Found a runed translucent gate.
 40276 | Elf:2    | Got a quivering book
 41375 | Elf:2    | Reached XP level 18. HP: 109/109 MP: 19/19
 43521 | Elf:3    | Entered Level 3 of the Elven Halls
 44101 | Elf:3    | Paralysed by an air elemental for 1 turns
 44369 | Elf:3    | Killed from afar by a deep elf sorcerer

Illustrated notes

Levels and vault maps discovered:
D:1:      matt_arrival_los_fun, layout_basic
D:2:      layout_basic
D:3:      layout_basic, serial_corexii_hall, corexii_hall_statues_i,
          chequers_hall_statues_y, uniq_robin
D:4:      layout_loops_ring, lemuel_round_altar, mainiacjoe_overflow_alcove_1,
          minmay_temple_entry_glassed_door, gammafunk_ghost_grave,
          cheibrodos_sewer_entry_drain, uniq_pargi
D:5:      minmay_evil_eye, layout_basic, kennysheep_orc_sif_temple, uniq_pikel
D:6:      layout_basic, okawaru_metal_pillars_1_2,
          nicolae_hepliaklqana_hazy_memory, mainiacjoe_overflow_cross_hatched,
          minmay_misc_feat_hallway
D:7:      layout_rooms, nicolae_figureground_pulse, uniq_crazy_yiuf_cottage,
          uniq_menkaure, uniq_joseph
D:8:      layout_basic, grunt_temple_overflow_open, grunt_dithmenos_shadows,
          serial_shops, nicolae_diamond_shop, uniq_maurice, uniq_grum
D:9:      nicolae_cairo_tiling, layout_loops_cross, lemuel_crystal_altar,
          uniq_maggie, uniq_psyche
D:10:     layout_stronghold, mainiacjoe_overflow_alcove_2,
          mainiacjoe_overflow_boulevard, serial_shops, shop
D:11:     layout_gridville, david_lair_shrubbed, gammafunk_ghost_nasty_kobolds,
          uniq_harold, uniq_sonja
D:12:     layout_roguey, serial_shops, nicolae_shop_stone,
          hangedman_decor_growths, minivault_23, fountainhead,
          reono_crystal_passage, uniq_rupert
D:13:     layout_basic, david_vaults_1, uniq_nessos
D:14:     layout_layer_cave, minivault_27
Temple:   dpeg_chambers_temple
Lair:1:   minmay_guarded_unrand_snakebite, layout_regular_city, uniq_nergalle
Lair:2:   layout_big_grid, skrybe_swamp_entry_bodies,
          spider_nest_entry_web_field, uniq_gastronok
Lair:3:   layout_regular_city, st_stairs_6, beast_lair_carwin_4,
          lemuel_fruit_tree, grunt_megastairs_3
Lair:4:   layout_misc_corridors, slime_entry_1
Lair:5:   minmay_lair_end_enchanted_forest, layout_gridlike,
          lemuel_fruit_fields, infiniplex_staircase_pool_2
Swamp:1:  layout_basic_swamp, hangedman_swamp_ruin_hall, swamp_pool3,
          uniq_nikola, uniq_aizul, uniq_jorgrun
Spider:1: layout_spider_delve, drop_trap
Spider:2: nicolae_spider_hilbert_zone_3 [nicolae_spider_hilbert_4_sides_2_open,
          nicolae_spider_hilbert_3_sides_1_open,
          nicolae_spider_hilbert_3_sides_1_open,
          nicolae_spider_hilbert_3_sides_1_open,
          nicolae_spider_hilbert_3_sides_1_open,
          nicolae_spider_hilbert_4_sides_1_open,
          nicolae_spider_hilbert_4_sides_1_open,
          nicolae_spider_hilbert_4_sides_1_open,
          nicolae_spider_hilbert_4_sides_1_open,
          nicolae_spider_hilbert_4_sides_1_open,
          nicolae_spider_hilbert_4_sides_1_open,
          nicolae_spider_hilbert_4_sides_1_open,
          nicolae_spider_hilbert_4_sides_1_open,
          nicolae_spider_hilbert_3_sides_1_open,
          nicolae_spider_hilbert_3_sides_1_open,
          nicolae_spider_hilbert_3_sides_1_open,
          nicolae_spider_hilbert_3_sides_1_open], einodemon_crawler_minivault,
          uniq_arachne
Spider:3: layout_spider_delve
Spider:4: grunt_spider_rune_parallel, nicolae_spider_solar_radiation,
          uniq_donald
Orc:1:    layout_diamond_mine, serial_shops, shop, basic_altar
Orc:2:    pf_orc_diabolical, layout_caves, nicolae_volcano_entry_lava_flow
Elf:1:    eino_elf_arrival_altar, layout_loops_corners, basic_altar,
          ploomutoo_gammafunk_ghost_potion_laboratory, serial_shops, shop
Elf:2:    nicolae_elf_blades_crystal_corner, layout_geoelf_octagon,
          serial_shops, nicolae_shop_window_shopping
Elf:3:    minmay_elf_hall_four_x, layout_loops_corners

Skill      XL: |  1  2  3  4  5  6  7  8  9 10 11 12 13 14 15 16 17 18 |
---------------+-------------------------------------------------------+-----
Ranged Weapons | 5 6 7 8 10 12 14 16 17 | 17.1
Dodging        | 7 13 18 22 25 27 | 27.0
Fighting       | 6 12 15 17 18 | 18.0
Stealth        | 2 |  2.3

Action                     |  1- 3 |  4- 6 |  7- 9 | 10-12 | 13-15 | 16-18 || total
---------------------------+-------+-------+-------+-------+-------+-------++-------
  Melee: Shortbow          |       |       |       |       |     3 |       ||     3
   Fire: Shortbow          |   104 |   195 |   467 |   698 |  1550 |  1299 ||  4313
    Use: Scroll            |       |       |    15 |    11 |    10 |    14 ||    50
         Potion            |       |       |       |     1 |     1 |     7 ||     9
 Armour: Robe              |    14 |     9 |    29 |     5 |       |       ||    57
         Steam dragon scal |       |       |       |    16 |    96 |   144 ||   256
  Dodge: Dodged            |    20 |    37 |    62 |   222 |   999 |   940 ||  2280
         Repelled          |       |       |       |     5 |     4 |     6 ||    15
  Block: Other             |       |       |     2 |    36 |   301 |   335 ||   674
         Reflection        |       |       |       |       |       |    37 ||    37

Table legend: (Time is in decaauts)
 A = Elapsed time spent in this place.
 B = Non-inter-level travel time spent in this place.
 C = Inter-level travel time spent in this place.
 D = Time resting spent in this place.
 E = Time spent auto-exploring this place.
 F = Levels seen in this place.
 G = Mean time per level.
                   A        B        C        D        E       F      G
               +--------+--------+--------+--------+--------+-----+--------+
         Total |  34200 |  31978 |   2222 |  11011 |  13082 |  32 | 1068.8 |
       Dungeon |  11837 |  10513 |   1324 |   2081 |   5881 |  14 |  845.5 |
        Temple |     35 |      2 |     33 |      0 |      0 |   1 |   35.0 |
          Lair |   5295 |   4954 |    341 |   1755 |   1960 |   5 | 1059.0 |
         Swamp |    510 |    485 |     25 |     12 |    324 |   1 |  510.0 |
   Spider Nest |   6808 |   6617 |    191 |   2443 |   2314 |   4 | 1702.0 |
  Orcish Mines |   3529 |   3314 |    215 |   1507 |    825 |   2 | 1764.5 |
   Elven Halls |   5610 |   5520 |     90 |   3179 |   1517 |   3 | 1870.0 |
         Sewer |    368 |    368 |      0 |     11 |    179 |   1 |  368.0 |
       Volcano |    204 |    204 |      0 |     22 |     79 |   1 |  204.0 |
               +--------+--------+--------+--------+--------+-----+--------+

Top non-repeatable levels by time:
   Elf:2: 3614 daAuts
Spider:4: 2899 daAuts
   Orc:2: 2645 daAuts
  Lair:5: 2257 daAuts
Spider:2: 2023 daAuts
     D:5: 1642 daAuts
   Elf:1: 1376 daAuts
  Lair:1: 1197 daAuts
Spider:3: 1158 daAuts
    D:13: 1146 daAuts
     D:9: 1068 daAuts
    D:10: 912 daAuts
   Orc:1: 884 daAuts
     D:8: 860 daAuts
    D:11: 848 daAuts
